 Dungeon Crawl Stone Soup version 0.25.1-2-g60ff931df9 (webtiles) character file.

Game seed: 1960021814995737525

329972 gruber the Swashbuckler (level 21, 0/164 HPs)
             Began as a Gnoll Venom Mage on Sept 22, 2020.
             Was the Champion of Dithmenos.
             Succumbed to a vampire knight's poison
             ... on level 4 of the Depths on Sept 23, 2020.
             The game lasted 02:16:18 (54999 turns).

gruber the Swashbuckler (Gnoll Venom Mage)         Turns: 54999, Time: 02:16:19

Health: 0/164      AC: 16    Str: 12    XL:     21   Next: 73%
Magic:  5/39       EV: 25    Int: 31    God:    Dithmenos [******]
Gold:   3699       SH: 13    Dex: 20    Spells: 20/49 levels left

rFire    + . .     SeeInvis +   d - +7 Spriggan's Knife {stab, EV+4 Stlth+}
rCold    . . .     Gourm    .   V - +0 kite shield {reflect}
rNeg     . . .     Faith    .   a - +3 ring mail "Ibuhirr" {*Drain MR+++ Dex+3 Stlth+}
rPois    .         Spirit   .   (no helmet)
rElec    .         Reflect  +   N - scarf {repulsion}
rCorr    .         Harm     .   v - +0 pair of gloves (curse)
MR       ++++.                  Q - +2 pair of boots
Stlth    ++++++++++             J - amulet of regeneration
HPRegen  0.77/turn              S - ring of see invisible
MPRegen  0.26/turn              E - ring of Eruniymul {rF+ Int+6}

@: lethally poisoned (0 -> -24), very slightly contaminated, wreathed by umbra,
studying 2 skills, repel missiles
A: distributed training, fangs 1, strong nose
}: 2/15 runes: decaying, abyssal
a: Shadow Step, Shadow Form, Renounce Religion


You were on level 4 of the Depths.
You worshipped Dithmenos.
Dithmenos was exalted by your worship.
You were hungry.

You visited 7 branches of the dungeon, and saw 36 of its levels.
You visited the Abyss 1 time.
You also visited: Ice Cave.

You collected 4896 gold pieces.
You spent 1197 gold pieces at shops.

Inventory:

Hand Weapons
 d - the +7 Spriggan's Knife (weapon) {stab, EV+4 Stlth+}
   (You bought it in a shop on level 8 of the Dungeon)

   It affects your evasion (+4).
   It makes you more stealthy.
 A - the +5 spear of Internal Strife {freeze, rC+ MR+}
   (You found it on level 4 of the Dungeon)

   It has been specially enchanted to freeze those struck by it, causing extra
   injury to most foes and up to half again as much damage against particularly
   susceptible opponents.
   It can also slow down cold-blooded creatures.
   It protects you from cold.
   It affects your resistance to hostile enchantments.
Missiles
 i - 10 datura-tipped darts
 y - 17 javelins (quivered)
 I - 4 throwing nets
Armour
 a - the +3 ring mail "Ibuhirr" (worn) {*Drain MR+++ Dex+3 Stlth+}
   (You found it on level 1 of the Depths)

   It affects your dexterity (+3).
   It affects your resistance to hostile enchantments.
   It causes draining when unequipped.
   It makes you more stealthy.
 v - a cursed +0 pair of gloves (worn)
 N - a scarf of repulsion (worn)
 Q - a +2 pair of boots (worn)
 V - a +0 kite shield of reflection (worn)
Jewellery
 k - an uncursed ring of protection from cold
 E - the ring of Eruniymul (right hand) {rF+ Int+6}
   (You found it on level 1 of the Vaults)

   [ring of intelligence]

   It affects your intelligence (+6).
   It protects you from fire.
 J - an amulet of regeneration (around neck)
 S - a ring of see invisible (left hand)
 X - an uncursed ring of poison resistance
Wands
 n - a wand of enslavement (5)
 F - a wand of flame (45)
 M - a wand of disintegration (5)
 O - a wand of iceblast (38)
 Y - a wand of digging (13)
 Z - a wand of acid (9)
Scrolls
 b - 18 scrolls of teleportation
 f - 10 scrolls of magic mapping
 j - a scroll of amnesia
 q - a scroll of fog
 t - 3 scrolls of summoning
 u - 13 scrolls of remove curse
 x - 4 scrolls of fear
 B - 8 scrolls of blinking
 L - 7 scrolls of identify
Potions
 e - 2 potions of cancellation
 h - 3 potions of heal wounds
 l - 2 potions of ambrosia
 m - 7 potions of might
 o - 4 potions of brilliance
 p - 12 potions of curing
 s - 5 potions of flight
 w - 10 potions of haste
 z - 5 potions of berserk rage
 C - 9 potions of lignification
 R - 3 potions of stabbing
 T - a potion of magic
 U - a potion of invisibility
Books
 r - a manual of Ice Magic
 D - a manual of Ice Magic
 G - a manual of Short Blades
Miscellaneous
 g - a phial of floods
 H - a lightning rod (inert)
Comestibles
 c - 50 rations


   Skills:
 + Level 13.9 Fighting
 + Level 16.2 Short Blades
 + Level 13.9 Long Blades
 + Level 13.9 Axes
 + Level 13.9 Maces & Flails
 + Level 13.9 Polearms
 + Level 13.9 Staves
 + Level 13.9 Slings
 + Level 13.9 Bows
 + Level 13.9 Crossbows
 + Level 13.9 Throwing
 + Level 13.9 Armour
 + Level 14.5 Dodging
 + Level 14.4 Stealth
 + Level 13.9 Shields
 + Level 13.9 Unarmed Combat
 + Level 14.6 Spellcasting
 + Level 12.0 Conjurations
 + Level 12.0 Hexes
 + Level 12.0 Charms
 + Level 12.0 Summonings
 + Level 12.0 Necromancy
 + Level 12.0 Translocations
 + Level 12.2 Transmutations
 + Level 12.0 Fire Magic
 + Level 14.2 Ice Magic
 + Level 12.0 Air Magic
 + Level 12.0 Earth Magic
 + Level 13.0 Poison Magic
 + Level 15.0 Invocations
 + Level 13.9 Evocations


You had 20 spell levels left.
You knew the following spells:

 Your Spells              Type           Power        Failure   Level  Hunger
a - Sting                 Tmut/Pois      ####         1%          1    None
b - Ozocubu's Refrigerat  Ice            #######...   1%          6    ###....
c - Ignite Poison         Fire/Tmut/Pois #######.     1%          3    None
d - Mephitic Cloud        Conj/Pois/Air  #######.     1%          3    None
e - Olgreb's Toxic Radia  Pois           #######.     1%          4    None
f - Frozen Ramparts       Ice            ######       1%          3    None
g - Summon Ice Beast      Ice/Summ       #######.     1%          4    None
h - Alistair's Intoxicat  Tmut/Pois      #######.     1%          5    None

Your spell library contained the following spells:

 Spells                   Type           Power        Failure   Level  Hunger
 Freeze                   Ice            ####         0%          1    None
 Apportation              Tloc           ######       1%          1    None
 Beastly Appendage        Tmut           ######       1%          1    None
 Corona                   Hex            #######      1%          1    None
 Magic Dart               Conj           ####         1%          1    None
 Summon Butterflies       Summ           #######.     1%          1    None
 Summon Small Mammal      Summ           ####         1%          1    None
 Blink                    Tloc           N/A          1%          2    None
 Call Imp                 Summ           #######.     1%          2    None
 Poisonous Vapours        Pois/Air       ######       1%          2    None
 Slow                     Hex            #######.     1%          2    None
 Sticks to Snakes         Tmut           #######.     1%          2    None
 Swiftness                Chrm/Air       #######.     1%          2    None
 Conjure Flame            Conj/Fire      #######.     1%          3    None
 Inner Flame              Hex/Fire       #######.     1%          3    None
 Lesser Beckoning         Tloc           #######...   1%          3    None
 Ozocubu's Armour         Chrm/Ice       #######.     1%          3    None
 Portal Projectile        Hex/Tloc       ######       1%          3    None
 Recall                   Summ/Tloc      N/A          1%          3    None
 Spider Form              Tmut/Pois      #######...   1%          3    None
 Tukima's Dance           Hex            #######.     1%          3    None
 Airstrike                Air            #######...   1%          4    None
 Cause Fear               Hex            #######...   1%          4    None
 Hailstorm                Conj/Ice       #######.     1%          4    None
 Ice Form                 Ice/Tmut       #######.     1%          4    None
 Leda's Liquefaction      Hex/Erth       #######...   1%          4    None
 Blade Hands              Tmut           #######...   1%          5    None
 Fireball                 Conj/Fire      #######...   1%          5    None
 Metabolic Englaciation   Hex/Ice        #######...   1%          5    None
 Silence                  Hex/Air        #######...   1%          5    None
 Summon Mana Viper        Hex/Summ       #######.     1%          5    None
 Yara's Violent Unravell  Hex/Tmut       #######...   1%          5    None
 Eringya's Noxious Bog    Tmut/Pois      #######...   3%          6    ###....
 Freezing Cloud           Conj/Ice/Air   #######...   3%          6    ###....
 Simulacrum               Ice/Necr       #######...   3%          6    ###....
 Invisibility             Hex            #######.     4%          6    ###....
 Starburst                Conj/Fire      #######...   4%          6    ###....
 Dragon Form              Tmut           #######...   24%         7    #####..
 Ring of Flames           Chrm/Fire      #######...   26%         7    #####..
 Spellforged Servitor     Conj/Summ      #######...   26%         7    #####..
 Discord                  Hex            #######...   89%         8    ######.
 Ignition                 Fire           #######...   89%         8    ######.


Dungeon Overview and Level Annotations

Branches:
Dungeon (15/15)            Temple (1/1) D:4            Lair (6/6) D:8
  Swamp (4/4) Lair:3        Snake (0/4) Lair:3        Slime (0/5) Lair:6
    Orc (2/2) D:9             Elf (0/3) Orc:2        Vaults (4/5) D:14
  Crypt (0/3) Vaults:3     Depths (4/5) D:15          IceCv (visited)

Altars:
Ashenzari
Cheibriados
Dithmenos
Elyvilon
Fedhas
Gozag
Hepliaklqana
Kikubaaqudgha
Makhleb
Nemelex Xobeh
Okawaru
Qazlal
Ru
Sif Muna
Trog
Uskayaw
Vehumet
Wu Jian
Xom
Yredelemnul
Zin
The Shining One
Beogh
Lugonu

Shops:
D:8 !((   D:10 *   Orc:2 ?[(!   Depths:1 %   Depths:4 }

Portals:
Hell: Depths:1 Depths:2 Depths:4
Abyss: Depths:3 Depths:4
Pandemonium: Depths:2 Depths:3
Trove: Vaults:2 (give +7 demon whip)

Annotations:
D:14 Roxanne
Lair:3 exclusion: 3 oklob plants
Lair:5 exclusion: oklob plant
Swamp:4 1 runed translucent door, Luthien's ghost, adept DECj
Orc:2 Jorgrun
Vaults:4 3 runed translucent doors, Eldin's ghost, veteran DEWz
Depths:1 3 runed translucent doors


Innate Abilities, Weirdness & Mutations

Your experience applies equally to all skills.
You have very sharp teeth.
Your uncanny sense of smell can sniff out nearby items.


Message History

You block the deep troll shaman's attack.
The deep troll shaman closely misses you.
The deep troll shaman completely misses you.
The deep troll shaman closely misses you.
The deep troll shaman completely misses you.
The vampire knight hits you with a +2 long sword of venom!!
* * * LOW HITPOINT WARNING * * *
You emit a cloud of dark smoke.
You block the vampire knight's attack.
The deep troll shaman completely misses you.
The deep troll shaman closely misses you.
The deep troll shaman claws you.
* * * LOW HITPOINT WARNING * * *
Unknown command.
Unknown command.
Unknown command.
Blink to where?
Press: ? - help, Dir - move target cursor You are very lightly contaminated with residual magic.
As you read the scroll of blinking, it crumbles to dust.
You die...

...# #............# #...###...
...# #............# #...# #...
...# #....).......# #...# #...
...#####.)..........####...# #...
...........................# #...
...........................###...
..........§.§....................
......)...§§§.......####.........
..........§§§§..@...# #......###
.......§§D§.§§......# #....#####
......§§TTV.........# #...##...#
.......§§§§§§.......# #...#.###.
.......§§§§§§#####..# #...#.'∩#.
........§§.§§# ∆∆ ..# #...#.###.
.............# ..# #...##...#
............... ..# #....#####
............... #......###


You could see a vampire knight (fast, invisible).

Vanquished Creatures
  2 juggernauts
  A tentacled monstrosity (Depths:1)
  A lich (Depths:1)
  A thorn hunter (Swamp:1)
  A sphinx (Vaults:4)
  2 tengu reavers
  Kirke (D:13)
  Donald (Orc:2)
  An azure jelly (Swamp:4)
  A daeva (Abyss:3)
  6 fire giants
  A deep elf sorcerer (Vaults:2)
  2 vault wardens
  2 frost giants (Depths:1)
  An iron dragon (Depths:1)
  Louise (D:14)
  An angel (Abyss:3)
  2 war gargoyles
  A ghoul (Vaults:1)
  19 very ugly things
  9 stone giants
  9 ironheart preservers
  An entropy weaver (Vaults:2)
  2 ophanim (Abyss:3)
  Nessos (D:14)
  A vampire knight (Depths:1)
  A deep elf demonologist (Vaults:2)
  A dire elephant (D:15)
  4 spark wasps (Depths:1)
  Snorg (D:14)
  A minotaur (Lair:2)
  11 ettins
  5 great orbs of eyes
  10 yaktaur captains
  4 fire dragons (Depths:1)
  Erolcha (D:12)
  Harold (D:8)
  7 ghost crabs (Swamp:1)
  11 ice dragons
  A vault guard (D:14)
  A spriggan air mage (Depths:1)
  Erica (D:8)
  14 hydras
  A shambling mangrove (Swamp:3)
  12 centaur warriors
  3 rakshasas
  13 ogre magi
  6 alligators
  3 death knights
  2 dancing weapons (Abyss:3)
  50 two-headed ogres
  2 tengu warriors
  6 deep troll shamans
  8 deep troll earth magi
  Urug (Lair:5)
  2 hell hogs (Depths:2)
  An orc high priest (Orc:2)
  Nergalle (D:11)
  A spriggan berserker (Depths:3)
  6 hell knights (Depths:3)
  8 deep elf knights
  A wretched star (Abyss:3)
  2 iron trolls
  A fire crab (shapeshifter) (D:15)
  2 cherubim (Abyss:3)
  14 skeletal warriors
  A glowing orange brain (Depths:2)
  3 spriggan druids
  4 flayed ghosts
  4 unseen horrors
  21 deep trolls
  A deep elf archer (Vaults:1)
  4 wizards
  The ghost of nebnoj the Cleaver, a novice MiFi (D:6)
  4 harpies (Vaults:2)
  4 swamp dragons
  8 orc knights
  2 phantasmal warriors (Vaults:3)
  6 wolf spiders
  3 orc sorcerers
  An oklob plant (Lair:3)
  10 deep elf magi
  3 necromancers
  2 stone giant zombies (Vaults:4)
  12 ironbrand convokers
  4 cyclopes
  47 ugly things
  31 slime creatures
  A salamander (shapeshifter) (Vaults:3)
  2 manticores
  2 centaur zombies
  A guardian serpent (Lair:6)
  A moth of wrath (shapeshifter) (Vaults:1)
  10 vault sentinels
  8 black mambas
  5 apocalypse crabs (Swamp:1)
  An ice statue (IceCv)
  Psyche (D:10)
  8 elephants
  Joseph (Lair:1)
  A spiny frog (shapeshifter) (Vaults:3)
  A rust devil (Depths:4)
  A torpor snail (Lair:3)
  A gargoyle (D:14)
  5 centaur skeletons
  23 spiny frogs
  3 kobold demonologists (D:12)
  An efreet (D:13)
  2 rime drakes
  13 yaktaurs
  5 komodo dragons
  A yaktaur zombie (Vaults:4)
  A human zombie (Vaults:4)
  A rime drake (shapeshifter) (Vaults:1)
  22 freezing wraiths
  2 tengu conjurers
  12 trolls
  8 tyrant leeches
  2 trolls (shapeshifter)
  5 polar bears
  2 meliai (shapeshifter) (Vaults:3)
  Prince Ribbit (D:8)
  12 hornets
  A jumping spider (shapeshifter) (Vaults:1)
  A wolf spider simulacrum (IceCv)
  4 bog bodies
  5 blink frogs (Lair:1)
  9 hippogriffs
  3 redbacks
  A spriggan (shapeshifter) (Vaults:1)
  3 shadows
  7 spriggans
  50 yaks
  2 centaur simulacra
  A vampire (D:14)
  A ynoxinul (Abyss:3)
  4 wraiths
  A yak (shapeshifter) (D:15)
  10 wyverns (Lair:6)
  4 hogs (D:7)
  2 water elementals
  3 humans
  A hungry ghost (D:14)
  3 basilisks
  7 vampire mosquitoes
  3 swamp worm simulacra (Swamp:4)
  A swamp worm (shapeshifter) (Vaults:3)
  4 insubstantial wisps (Swamp:2)
  14 swamp worms
  21 water moccasins
  13 hydra simulacra (Swamp:4)
  3 soldier ants
  2 porcupines (Lair:3)
  7 hell hounds (Depths:2)
  A floating eye (Depths:3)
  4 swamp drakes
  34 orc warriors
  4 black bears
  22 ice beasts
  3 sky beasts
  A hornet zombie (D:14)
  An alligator simulacrum (IceCv)
  33 ogres
  2 eyes of draining
  3 phantoms
  40 centaurs
  21 wolves
  11 crocodiles
  7 big kobolds
  14 bullfrogs
  3 gnoll sergeants
  A glowing shapeshifter simulacrum (Vaults:3)
  A deep troll simulacrum (Vaults:4)
  2 wyvern zombies
  3 scorpions
  29 killer bees
  3 howler monkeys (D:12)
  6 wights
  3 electric eels
  5 crimson imps
  A draconian simulacrum (IceCv)
  A wyvern simulacrum (D:13)
  3 quasits
  9 hounds
  3 jellies
  14 orc priests
  Ijyb (D:4)
  A gnoll shaman (D:5)
  A bullfrog skeleton (D:7)
  3 iguanas
  A polar bear simulacrum (IceCv)
  13 orc wizards
  5 troll simulacra (IceCv)
  9 worker ants
  5 spriggan simulacra (IceCv)
  A wolf simulacrum (IceCv)
  A nameless horror (D:13)
  A hound skeleton (D:9)
  13 gnolls
  11 adders
  4 naga simulacra (IceCv)
  3 ogre simulacra (IceCv)
  5 shadow imps
  9 white imps
  5 swamp drake simulacra (Swamp:4)
  7 oozes
  An adder zombie (D:9)
  3 adder skeletons
  3 worms
  3 dart slugs (D:1)
  7 leopard geckos
  87 orcs
  5 giant cockroaches
  8 hobgoblins
  8 jackals
  5 quokkas
  A ball python (D:6)
  7 bats
  5 frilled lizards
  A giant cockroach zombie (D:5)
  7 goblins
  29 kobolds
  5 rats
  2 butterflies (D:4)
  A fungus (Lair:3)
  4 plants (Depths:3)
1404 creatures vanquished.

Vanquished Creatures (collateral kills)
  Rupert (D:14)
  A deep elf sorcerer (Depths:1)
  The ghost of Weugil the Slicer, a journeyman HaBe of Trog (Lair:2)
  A yaktaur captain (Depths:4)
  2 hydras
  A ghost crab (Swamp:2)
  A deep troll shaman (Depths:4)
  The ghost of ma3 the Thaumaturge, a journeyman DEFE of Vehumet (D:10)
  A skeletal warrior (Vaults:1)
  A deep troll (Depths:4)
  A flayed ghost (Vaults:2)
  A wolf spider (Lair:6)
  4 slime creatures
  A black mamba (Lair:4)
  4 spiny frogs
  2 komodo dragons
  4 tyrant leeches
  3 bog bodies
  2 centaur simulacra
  A redback (Lair:6)
  A wyvern (Lair:6)
  5 vampire mosquitoes
  A swamp worm (Swamp:1)
  An insubstantial wisp (Swamp:2)
  3 water moccasins
  A hydra simulacrum (Swamp:4)
  4 swamp drakes (Swamp:2)
  3 wolves
  A boggart (Depths:3)
  A crocodile (Lair:4)
  A big kobold (D:10)
  A bullfrog (D:14)
  A wyvern zombie (D:11)
  5 wights
  A crimson imp (D:11)
  4 white imps (IceCv)
  An ufetubus (D:13)
  A kobold (D:10)
70 creatures vanquished.

Vanquished Creatures (others)
  The ghost of EtherCrawl the Gouger, a novice FeBe of Trog (D:10)
  A spriggan druid (Swamp:1)
  5 humans (D:13)
  13 fungi
  25 plants
45 creatures vanquished.

Grand Total: 1519 creatures vanquished

Notes
Turn   | Place    | Note
-------+----------+-------------------------------------------
     0 | D:1      | gruber the Gnoll Venom Mage began the quest for the Orb.
     0 | D:1      | Reached XP level 1. HP: 13/13 MP: 6/6
   233 | D:1      | Reached XP level 2. HP: 12/19 MP: 4/7
   783 | D:1      | Reached XP level 3. HP: 25/25 MP: 3/9
   860 | D:1      | Reached skill level 5 in Spellcasting
   944 | D:1      | Learned a level 2 spell: Poisonous Vapours
   948 | D:1      | Learned a level 3 spell: Ignite Poison
   952 | D:1      | Learned a level 3 spell: Mephitic Cloud
  1339 | D:1      | Reached skill level 1 in Invocations
  1723 | D:2      | Reached skill level 1 in Fighting
  1723 | D:2      | Reached skill level 1 in Short Blades
  1723 | D:2      | Reached skill level 1 in Long Blades
  1723 | D:2      | Reached skill level 1 in Axes
  1723 | D:2      | Reached skill level 1 in Maces & Flails
  1723 | D:2      | Reached skill level 1 in Polearms
  1723 | D:2      | Reached skill level 1 in Staves
  1723 | D:2      | Reached skill level 1 in Slings
  1723 | D:2      | Reached skill level 1 in Bows
  1723 | D:2      | Reached skill level 1 in Crossbows
  1723 | D:2      | Reached skill level 1 in Throwing
  1723 | D:2      | Reached skill level 1 in Armour
  1723 | D:2      | Reached skill level 1 in Shields
  1723 | D:2      | Reached skill level 1 in Unarmed Combat
  1723 | D:2      | Reached skill level 1 in Evocations
  1856 | D:2      | Reached XP level 4. HP: 32/32 MP: 8/11
  1895 | D:2      | Learned a level 4 spell: Olgreb's Toxic Radiance
  2612 | D:3      | Reached skill level 1 in Conjurations
  2612 | D:3      | Reached skill level 1 in Hexes
  2612 | D:3      | Reached skill level 1 in Charms
  2612 | D:3      | Reached skill level 1 in Summonings
  2612 | D:3      | Reached skill level 1 in Necromancy
  2612 | D:3      | Reached skill level 1 in Translocations
  2612 | D:3      | Reached skill level 1 in Fire Magic
  2612 | D:3      | Reached skill level 1 in Ice Magic
  2612 | D:3      | Reached skill level 1 in Air Magic
  2612 | D:3      | Reached skill level 1 in Earth Magic
  2771 | D:3      | Reached XP level 5. HP: 37/37 MP: 4/12
  2893 | D:3      | Found a bloodstained altar of Trog.
  3021 | D:3      | Found a faded altar of an unknown god.
  3160 | D:4      | Got a crystal spear
  3161 | D:4      | Identified the +5 spear of Internal Strife {freeze, rC+
                  | MR+} (You found it on level 4 of the Dungeon)
  3344 | D:4      | Found a staircase to the Ecumenical Temple.
  3380 | D:4      | Reached XP level 6. HP: 44/44 MP: 8/13
  3441 | D:4      | Noticed Ijyb
  3446 | D:4      | Killed Ijyb
  3600 | D:4      | Found a burning altar of Makhleb.
  3974 | D:4      | Noticed a blizzard demon
  3978 | D:4      | Found a glowing silver altar of Zin.
  3978 | D:4      | Noticed an angel
  4030 | D:5      | Entered Level 5 of the Dungeon
  4092 | D:5      | Reached skill level 2 in Short Blades
  4092 | D:5      | Reached skill level 5 in Dodging
  4394 | D:5      | Reached XP level 7. HP: 40/50 MP: 11/15
  5145 | D:5      | Reached skill level 5 in Stealth
  5557 | D:6      | Found a shadowy altar of Dithmenos.
  5581 | D:6      | Reached XP level 8. HP: 48/57 MP: 16/16
  5666 | D:6      | Reached skill level 3 in Short Blades
  6072 | D:6      | Noticed a manticore
  6093 | D:6      | Found a transporter.
  6109 | D:6      | Noticed nebnoj's ghost (novice MiFi)
  6112 | D:6      | Found a transporter.
  6641 | D:7      | Reached XP level 9. HP: 49/65 MP: 4/18
  6776 | D:7      | Reached skill level 4 in Short Blades
  7527 | Temple   | Entered the Ecumenical Temple
  7924 | D:8      | Found a staircase to the Lair.
  7927 | D:8      | Found Araconis's Distillery.
  7930 | D:8      | Bought a potion of haste for 150 gold pieces
  7930 | D:8      | Bought a potion of degeneration for 15 gold pieces
  7930 | D:8      | Bought a potion of curing for 45 gold pieces
  7952 | D:8      | Reached skill level 5 in Invocations
  8287 | D:8      | Reached XP level 10. HP: 64/73 MP: 3/20
  8435 | D:8      | Noticed Erica
  8449 | D:8      | Killed Erica
  8449 | D:8      | Reached skill level 5 in Fighting
  8449 | D:8      | Reached skill level 5 in Short Blades
  8449 | D:8      | Reached skill level 5 in Long Blades
  8449 | D:8      | Reached skill level 5 in Axes
  8449 | D:8      | Reached skill level 5 in Maces & Flails
  8449 | D:8      | Reached skill level 5 in Polearms
  8449 | D:8      | Reached skill level 5 in Staves
  8449 | D:8      | Reached skill level 5 in Slings
  8449 | D:8      | Reached skill level 5 in Bows
  8449 | D:8      | Reached skill level 5 in Crossbows
  8449 | D:8      | Reached skill level 5 in Throwing
  8449 | D:8      | Reached skill level 5 in Armour
  8449 | D:8      | Reached skill level 5 in Shields
  8449 | D:8      | Reached skill level 5 in Unarmed Combat
  8449 | D:8      | Reached skill level 5 in Evocations
  8478 | D:8      | Found Hytidil's Weapon Boutique.
  8636 | D:8      | Found Ronelof's Weapon Shop.
  8644 | D:8      | Learned a level 3 spell: Frozen Ramparts
  8649 | D:8      | Learned a level 4 spell: Summon Ice Beast
  8657 | D:8      | Noticed Prince Ribbit
  8661 | D:8      | Killed Prince Ribbit
  8749 | D:8      | Noticed Harold
  8754 | D:8      | Killed Harold
  8754 | D:8      | Reached skill level 5 in Transmutations
  9155 | D:9      | Noticed a two-headed ogre
  9161 | D:9      | Found a sacrificial altar of Ru.
  9161 | D:9      | Found a shattered altar of Ashenzari.
  9161 | D:9      | Found a hazy altar of Hepliaklqana.
  9301 | D:9      | Found an ornate altar of the Wu Jian Council.
  9301 | D:9      | Found a stormy altar of Qazlal.
  9317 | D:9      | Found an opulent altar of Gozag.
  9317 | D:9      | Found a shimmering blue altar of Sif Muna.
  9318 | D:9      | Found a radiant altar of Vehumet.
  9513 | D:9      | Killed a two-headed ogre
  9891 | D:6      | Became a worshipper of Dithmenos the Shadowed
 10141 | D:9      | Noticed a two-headed ogre
 10146 | D:9      | Killed a two-headed ogre
 10146 | D:9      | Reached XP level 11. HP: 81/81 MP: 8/22
 10147 | D:9      | Noticed a two-headed ogre
 10221 | D:9      | Killed a two-headed ogre
 10405 | D:9      | Reached skill level 6 in Short Blades
 10432 | D:9      | Reached skill level 5 in Conjurations
 10432 | D:9      | Reached skill level 5 in Hexes
 10432 | D:9      | Reached skill level 5 in Charms
 10432 | D:9      | Reached skill level 5 in Summonings
 10432 | D:9      | Reached skill level 5 in Necromancy
 10432 | D:9      | Reached skill level 5 in Translocations
 10432 | D:9      | Reached skill level 5 in Fire Magic
 10432 | D:9      | Reached skill level 5 in Ice Magic
 10432 | D:9      | Reached skill level 5 in Air Magic
 10432 | D:9      | Reached skill level 5 in Earth Magic
 10860 | D:9      | Found a staircase to the Orcish Mines.
 11105 | D:10     | Entered Level 10 of the Dungeon
 11105 | D:10     | Noticed a two-headed ogre
 11141 | D:9      | Killed a two-headed ogre
 11215 | D:10     | Reached * piety under Dithmenos
 11626 | D:10     | Found Oniuhogg's General Store.
 11634 | D:10     | Noticed Psyche
 11646 | D:10     | Killed Psyche
 11964 | D:10     | Found a runed translucent gate.
 11964 | D:10     | Found a runed translucent gate.
 11965 | D:10     | Found a runed translucent gate.
 11965 | D:10     | Noticed ma3's ghost (journeyman DEFE)
 11966 | D:10     | Noticed EtherCrawl's ghost (novice FeBe)
 12497 | D:11     | Noticed a two-headed ogre
 12505 | D:11     | Killed a two-headed ogre
 12649 | D:11     | Noticed Nergalle
 12657 | D:11     | Killed Nergalle
 12657 | D:11     | Reached XP level 12. HP: 89/89 MP: 10/24
 13110 | D:11     | Reached ** piety under Dithmenos
 13708 | D:12     | Reached skill level 7 in Short Blades
 14180 | D:12     | Noticed Erolcha
 14186 | D:12     | Killed Erolcha
 14187 | D:12     | Reached *** piety under Dithmenos
 14315 | D:12     | Noticed a sun demon
 14917 | D:12     | Noticed a two-headed ogre
 14923 | D:12     | Killed a two-headed ogre
 15540 | Orc:1    | Entered Level 1 of the Orcish Mines
 15839 | Orc:2    | Entered Level 2 of the Orcish Mines
 15884 | Orc:2    | Found a roughly hewn altar of Beogh.
 15904 | Orc:2    | Found a staircase to the Elven Halls.
 16096 | Orc:2    | Reached XP level 13. HP: 98/98 MP: 22/26
 16140 | Orc:2    | Reached **** piety under Dithmenos
 16144 | Orc:2    | Noticed Jorgrun
 16879 | Orc:2    | Noticed Donald
 16885 | Orc:2    | Killed Donald
 16885 | Orc:2    | Reached skill level 8 in Short Blades
 17049 | Orc:2    | Found Heyrr's Antique Weapon Emporium.
 17049 | Orc:2    | Found Pageutt's Armour Boutique.
 17051 | Orc:2    | Found Xisacan's Magic Scroll Shop.
 17053 | Orc:2    | Found Baeritix's Distillery.
 17060 | Orc:2    | Bought a scroll of blinking for 127 gold pieces
 17060 | Orc:2    | Bought a scroll of identify for 34 gold pieces
 17373 | Orc:2    | Reached ***** piety under Dithmenos
 17732 | Orc:2    | Found a roughly hewn altar of Beogh.
 17956 | D:8      | Bought the +7 Spriggan's Knife {stab, EV+4 Stlth+} for 826
                  | gold pieces
 17956 | D:8      | Found the +7 Spriggan's Knife {stab, EV+4 Stlth+}
 18092 | D:10     | Killed EtherCrawl's ghost
 18094 | D:10     | Killed ma3's ghost
 18687 | D:13     | Noticed Kirke
 18693 | D:13     | Killed Kirke
 19018 | D:13     | Reached skill level 10 in Spellcasting
 19428 | D:13     | Reached XP level 14. HP: 106/106 MP: 28/28
 19497 | D:14     | Identified Roxanne's Grimoire of Changing
 19497 | D:14     | Noticed Roxanne
 19506 | D:14     | Noticed Louise
 19509 | D:14     | Noticed Rupert
 19616 | D:14     | Reached skill level 10 in Dodging
 19771 | D:14     | Killed Rupert
 20053 | D:14     | Killed Louise
 20053 | D:14     | Reached skill level 9 in Short Blades
 20431 | D:14     | Noticed Nessos
 20438 | D:14     | Noticed Snorg
 20439 | D:14     | Killed Nessos
 20439 | D:14     | Reached skill level 10 in Stealth
 20443 | D:14     | Killed Snorg
 20816 | D:14     | Reached skill level 10 in Invocations
 21106 | Lair:1   | Entered Level 1 of the Lair of Beasts
 21394 | Lair:1   | Reached ****** piety under Dithmenos
 21806 | Lair:1   | Noticed Joseph
 21812 | Lair:1   | Killed Joseph
 22282 | Lair:2   | Found a runed translucent gate.
 22282 | Lair:2   | Found a runed translucent gate.
 22282 | Lair:2   | Found a runed translucent gate.
 22294 | Lair:2   | Noticed Weugil's ghost (journeyman HaBe)
 22903 | Lair:2   | Killed Weugil's ghost
 23197 | Lair:2   | Found an ancient bone altar of Kikubaaqudgha.
 23955 | D:6      | Killed nebnoj's ghost
 24128 | Lair:3   | Found a staircase to the Snake Pit.
 24288 | Lair:3   | Reached XP level 15. HP: 114/114 MP: 24/29
 24795 | Lair:3   | Got a jewelled ring mail
 24799 | Lair:3   | Identified the +4 ring mail "Tikuetre" {rF+} (You found it
                  | on level 3 of the Lair of Beasts)
 24947 | Lair:3   | Found a staircase to the Swamp.
 27050 | Lair:5   | Noticed Urug
 27057 | Lair:5   | Killed Urug
 27175 | Lair:5   | Reached skill level 10 in Poison Magic
 27604 | Lair:6   | Entered Level 6 of the Lair of Beasts
 27764 | Lair:6   | Reached skill level 10 in Fighting
 27764 | Lair:6   | Reached skill level 10 in Short Blades
 27764 | Lair:6   | Reached skill level 10 in Long Blades
 27764 | Lair:6   | Reached skill level 10 in Axes
 27764 | Lair:6   | Reached skill level 10 in Maces & Flails
 27764 | Lair:6   | Reached skill level 10 in Polearms
 27764 | Lair:6   | Reached skill level 10 in Staves
 27764 | Lair:6   | Reached skill level 10 in Slings
 27764 | Lair:6   | Reached skill level 10 in Bows
 27764 | Lair:6   | Reached skill level 10 in Crossbows
 27764 | Lair:6   | Reached skill level 10 in Throwing
 27764 | Lair:6   | Reached skill level 10 in Armour
 27764 | Lair:6   | Reached skill level 10 in Shields
 27764 | Lair:6   | Reached skill level 10 in Unarmed Combat
 27764 | Lair:6   | Reached skill level 10 in Evocations
 28941 | Lair:6   | Found a staircase to the Slime Pits.
 30097 | Swamp:1  | Entered Level 1 of the Swamp
 30465 | D:14     | Reached XP level 16. HP: 115/122 MP: 15/31
 30814 | D:14     | Found a gate to the Vaults.
 31037 | D:15     | Entered Level 15 of the Dungeon
 31114 | D:15     | Found a frozen archway.
 31170 | IceCv    | Entered an ice cave
 31649 | IceCv    | Found an ancient bone altar of Kikubaaqudgha.
 33189 | D:15     | Found a staircase to the Depths.
 34186 | Swamp:1  | Noticed a thorn hunter
 34194 | Swamp:1  | Killed a thorn hunter
 34467 | Swamp:1  | Found a runed translucent door.
 35673 | Swamp:1  | Identified the Catalogue of Mutagenic Flight
 35767 | Swamp:2  | Reached skill level 11 in Short Blades
 36386 | Swamp:2  | Reached XP level 17. HP: 131/131 MP: 33/33
 36824 | Swamp:2  | Reached skill level 10 in Ice Magic
 37389 | Swamp:3  | Learned a level 6 spell: Ozocubu's Refrigeration
 38214 | Swamp:3  | Identified a scroll of acquirement
 38214 | Swamp:3  | Acquired 1210 gold pieces
 38434 | Swamp:4  | Entered Level 4 of the Swamp
 39407 | Swamp:4  | Found a runed translucent door.
 39407 | Swamp:4  | Noticed Luthien's ghost (adept DECj)
 39995 | Swamp:4  | Got a decaying rune of Zot
 40527 | Vaults:1 | Entered Level 1 of the Vaults
 40725 | Vaults:1 | Got a flickering turquoise ring
 40969 | Vaults:1 | Reached skill level 10 in Transmutations
 41139 | Vaults:1 | Identified the ring of Eruniymul {rF+ Int+6} (You found it
                  | on level 1 of the Vaults)
 41287 | Vaults:1 | Reached skill level 12 in Short Blades
 42059 | Vaults:1 | Reached skill level 10 in Conjurations
 42059 | Vaults:1 | Reached skill level 10 in Hexes
 42059 | Vaults:1 | Reached skill level 10 in Charms
 42059 | Vaults:1 | Reached skill level 10 in Summonings
 42059 | Vaults:1 | Reached skill level 10 in Necromancy
 42059 | Vaults:1 | Reached skill level 10 in Translocations
 42059 | Vaults:1 | Reached skill level 10 in Fire Magic
 42059 | Vaults:1 | Reached skill level 10 in Air Magic
 42059 | Vaults:1 | Reached skill level 10 in Earth Magic
 42373 | Vaults:1 | Reached XP level 18. HP: 130/139 MP: 1/34
 43968 | Vaults:2 | Noticed a Hell Sentinel
 44288 | Vaults:2 | Reached skill level 13 in Short Blades
 45803 | Vaults:2 | Learned a level 5 spell: Alistair's Intoxication
 45919 | Vaults:2 | Found a portal to a secret trove of treasure.
 45999 | Vaults:2 | Reached XP level 19. HP: 130/147 MP: 9/36
 47300 | Vaults:3 | Found a staircase to the Crypt.
 47913 | Vaults:3 | Reached skill level 14 in Short Blades
 48884 | Vaults:4 | Noticed Eldin's ghost (veteran DEWz)
 48896 | Vaults:4 | Found a runed translucent gate.
 48896 | Vaults:4 | Found a runed translucent gate.
 48897 | Vaults:4 | Found a runed translucent gate.
 49526 | Vaults:4 | Reached XP level 20. HP: 155/155 MP: 17/37
 50529 | Depths:1 | Entered Level 1 of the Depths
 50529 | Depths:1 | Found a runed translucent gate.
 50529 | Depths:1 | Found a runed translucent gate.
 50529 | Depths:1 | Found Saunihul's Food Boutique.
 50529 | Depths:1 | Found a runed translucent gate.
 50695 | Depths:1 | Noticed a juggernaut
 50699 | Depths:1 | Killed a juggernaut
 50719 | Depths:1 | Got a slimy spear
 50720 | Depths:1 | Identified the +8 spear of the Wasp {venom, MR- Str+6
                  | Int+2} (You found it on level 1 of the Depths)
 50735 | Depths:1 | Got a polished chain mail
 50736 | Depths:1 | Identified the cursed +1 chain mail of Lasmaff {MP+9} (You
                  | found it on level 1 of the Depths)
 50757 | Depths:1 | Cast into level 3 of the Abyss (a deep elf sorcerer)
 50758 | Abyss:3  | Found a corrupted altar of Lugonu.
 50796 | Abyss:3  | Found a basalt altar of Yredelemnul.
 50845 | Abyss:3  | Reached skill level 15 in Short Blades
 50935 | Abyss:3  | Found a glowing golden altar of the Shining One.
 51027 | Abyss:3  | Noticed a juggernaut
 51031 | Abyss:3  | Killed a juggernaut
 51039 | Abyss:3  | Got an abyssal rune of Zot
 51046 | Depths:1 | Escaped the Abyss
 51725 | Depths:1 | Got a masterwork ring mail
 51726 | Depths:1 | Identified the +3 ring mail "Ibuhirr" {*Drain MR+++ Dex+3
                  | Stlth+} (You found it on level 1 of the Depths)
 52265 | Depths:1 | Reached XP level 21. HP: 153/163 MP: 10/39
 52531 | Depths:1 | Found a gateway to Hell.
 52954 | Depths:2 | You fall into a shaft and drop 1 floor!
 52955 | Depths:3 | Found a one-way gate leading to the halls of Pandemonium.
 52957 | Depths:3 | Found a one-way gate to the infinite horrors of the Abyss.
 53410 | Depths:3 | Found a radiant altar of Vehumet.
 54019 | Depths:2 | Identified the Tome of Creative Heat
 54029 | Depths:2 | Reached skill level 16 in Short Blades
 54449 | Depths:2 | You fall into a shaft and drop 2 floors!
 54657 | Depths:4 | Reached skill level 15 in Invocations
 54723 | Depths:4 | Found a corrupted altar of Lugonu.
 54905 | Depths:4 | Found Pousoidd's Gadget Boutique.
 54995 | Depths:4 | HP: 6/164 [vampire knight/+2 long sword of venom (21)]
 54999 | Depths:4 | Succumbed to a vampire knight's poison

Illustrated notes

Levels and vault maps discovered:
D:1:      co_arrival_square_in_a_square_in_a_square, layout_loops_corners
D:2:      layout_loops_ring
D:3:      layout_basic, chequers_ecumenical_altar_island, bloody_trog
D:4:      layout_loops_ring, grunt_temple_overflow_order_and_chaos_2,
          minmay_temple_entry_butterflies, first_ration, uniq_ijyb
D:5:      layout_basic
D:6:      layout_rooms, grunt_dithmenos_shadows, gammafunk_ghost_arena
D:7:      layout_cave_pools, grunt_livestock
D:8:      layout_loops_ring, lair_entry_dummy, serial_shops, shop,
          nicolae_shop_behind_doors, shop_fountains, uniq_prince_ribbit1,
          uniq_erica, uniq_harold
D:9:      layout_long_grid, grunt_temple_overflow_open,
          kennysheep_orc_monster_closet_entryway, enter_bailey_1,
          minmay_misc_feat_diagonals, minmay_misc_feat_nine_boxes
D:10:     layout_long_grid, serial_shops, shop, gammafunk_ghost_cemetery,
          uniq_psyche
D:11:     layout_cave_pools, serial_glass, glass_columns_b, glass_columns_a,
          item_on_display_a, uniq_nergalle
D:12:     layout_basic, uniq_erolcha
D:13:     layout_loops_cross, serial_ice, serial_ice_f, serial_ice_i,
          serial_ice_h, serial_ice_n, serial_ice_g, serial_ice_a, uniq_kirke
D:14:     layout_basic, david_vaults_5, fountainhead, uniq_rupert, uniq_louise,
          uniq_nessos, uniq_snorg, uniq_roxanne
D:15:     hangedman_depths_entry_try_elsewhere_first, layout_small_grid,
          chequers_serial_rivers_room_a, portal_ice_cave_entry_ice_beasts,
          nicolae_two_hexagons
Temple:   minmay_temple_curvy_loop
Lair:1:   statuecave_lemuel, layout_loops_ring, grunt_megastairs_3, uniq_joseph
Lair:2:   layout_layer_cave, maelrawn_ghost_gauntlet_escape, basic_altar,
          grunt_megastairs_2
Lair:3:   layout_chaotic_city, palyth_hydra_swamp_entry, dummy_snake_entry,
          serial_bayou_lagoon_a, grunt_megastairs_1, serial_bayou_shore_a,
          minmay_lair_oklob_chamber
Lair:4:   layout_regular_city, grunt_forest_large_clearings,
          serial_bayou_shore_b, lemuel_fruit_tree
Lair:5:   layout_hall_layers, infiniplex_staircase_pool_2, uniq_urug
Lair:6:   hangedman_lair_tendril_chambers, layout_regular_city,
          nicolae_slime_entry_slimehenge, grunt_megastairs_5
Swamp:1:  gammafunk_mikee_crab_dinner, layout_falls_marsh,
          evilmike_swamp_ruin_house_4, swamp_pool1
Swamp:2:  layout_falls_marsh, hangedman_swamp_pad, swamp_pool3
Swamp:3:  layout_basic_swamp, nicolae_swamp_trees_clearing, swamp_pool1
Swamp:4:  swamp_icy, layout_basic_swamp, gammafunk_ghost_grave
Orc:1:    layout_caves
Orc:2:    st_orc_rangers, layout_diamond_mine, basic_altar, minmay_orc_temple_c,
          uniq_jorgrun, uniq_donald
Vaults:1: hangedman_vaults_river_flow, hangedman_vaults_locks, v_misc_24,
          nicolae_vaults_little_squares_3, nicolae_vaults_triangles, v_misc_24,
          ontoclasm_vaults_gateway, nicolae_vaults_little_squares_1, v_misc_11,
          vaults_dpeg_ring, hangedman_vaults_cutoff,
          ontoclasm_vaults_decontamination, vaults_mumra_hexcomb,
          layout_vaults_maze_bifur
Vaults:2: v_misc_10, nicolae_vaults_mini_display_case, vaults_room_door_hall,
          hangedman_vaults_capsules, nicolae_vaults_little_squares_6,
          vaults_standard_mumra_enter_the_diamond, layout_vaults_omnigrid,
          nicolae_trove_entry_free_sample
Vaults:3: ontoclasm_vaults_spin, st_lattice, minmay_crypt_entry_simple_walls,
          v_pattern_5, ontoclasm_vaults_eye, hangedman_vaults_nodes, v_rooms_1,
          nicolae_vaults_stairing_the_circle, v_misc_13, vaults_room_large_hall,
          vaults_room_hallway, grunt_vaults_hallway_short, layout_vaults_ring
Vaults:4: gammafunk_vaults_ghost_split, st_octagons_2, v_misc_33, v_pattern_2,
          vaults_room_pool, vaults_room_door_ring, hangedman_vaults_hat,
          vaults_dpeg_encased_lava, vaults_mumra_chevron,
          ontoclasm_vaults_bender, nicolae_vaults_alarming,
          layout_vaults_big_room
Depths:1: layout_honeycomb, minmay_crystal_room,
          ploomutoo_gammafunk_ghost_potion_laboratory, serial_shops,
          shop_statue, hell_entry, minmay_swirly_circle
Depths:2: minmay_guarded_unrand_guard, layout_gridlike, grunt_hell_horde,
          minmay_strange_pillars, pan_entry, minmay_misc_feat_ornament,
          minmay_staircase_bubble
Depths:3: hangedman_slaughterboxes, abyss_entry, hell_entry, pan_entry,
          serial_shops
Depths:4: cheibrodos_cascadia, layout_long_grid, enter_ziggurat_b,
          abyss_entry_flame_altar, grunt_hell_entry_dis_mu, serial_shops,
          nicolae_shop_window_shopping, grunt_megastairs_4,
          infiniplex_staircase_zigzag_4, firewood_loft

Skill      XL: |  1  2  3  4  5  6  7  8  9 10 11 12 13 14 15 16 17 18 19 20 21 |
---------------+----------------------------------------------------------------+-----
Transmutations | 2 3 4 5 6 7 8 9 10 11 12 | 12.2
Spellcasting   | 5 6 7 8 9 10 11 12 13 14 | 14.6
Invocations    | 1 2 3 4 5 6 7 8 9 10 11 12 13 14 15 | 15.0
Fighting       | 1 2 3 4 5 6 7 8 9 10 11 12 13 | 13.9
Short Blades   | 1 2 3 4 5 6 7 8 9 10 11 12 13 14 15 16 | 16.2
Long Blades    | 1 2 3 4 5 6 7 8 9 10 11 12 13 | 13.9
Axes           | 1 2 3 4 5 6 7 8 9 10 11 12 13 | 13.9
Maces & Flails | 1 2 3 4 5 6 7 8 9 10 11 12 13 | 13.9
Polearms       | 1 2 3 4 5 6 7 8 9 10 11 12 13 | 13.9
Staves         | 1 2 3 4 5 6 7 8 9 10 11 12 13 | 13.9
Slings         | 1 2 3 4 5 6 7 8 9 10 11 12 13 | 13.9
Bows           | 1 2 3 4 5 6 7 8 9 10 11 12 13 | 13.9
Crossbows      | 1 2 3 4 5 6 7 8 9 10 11 12 13 | 13.9
Throwing       | 1 2 3 4 5 6 7 8 9 10 11 12 13 | 13.9
Armour         | 1 2 3 4 5 6 7 8 9 10 11 12 13 | 13.9
Shields        | 1 2 3 4 5 6 7 8 9 10 11 12 13 | 13.9
Unarmed Combat | 1 2 3 4 5 6 7 8 9 10 11 12 13 | 13.9
Evocations     | 1 2 3 4 5 6 7 8 9 10 11 12 13 | 13.9
Conjurations   | 1 2 3 4 5 6 7 8 9 10 11 12 | 12.0
Hexes          | 1 2 3 4 5 6 7 8 9 10 11 12 | 12.0
Charms         | 1 2 3 4 5 6 7 8 9 10 11 12 | 12.0
Summonings     | 1 2 3 4 5 6 7 8 9 10 11 12 | 12.0
Necromancy     | 1 2 3 4 5 6 7 8 9 10 11 12 | 12.0
Translocations | 1 2 3 4 5 6 7 8 9 10 11 12 | 12.0
Fire Magic     | 1 2 3 4 5 6 7 8 9 10 11 12 | 12.0
Ice Magic      | 1 2 3 4 5 6 7 8 9 10 11 12 13 14 | 14.2
Air Magic      | 1 2 3 4 5 6 7 8 9 10 11 12 | 12.0
Earth Magic    | 1 2 3 4 5 6 7 8 9 10 11 12 | 12.0
Dodging        | 5 6 7 8 9 10 11 12 13 14 | 14.5
Stealth        | 5 6 7 8 9 10 11 12 13 14 | 14.4
Poison Magic   | 6 7 8 9 10 11 12 13 | 13.0

Action                   |  1- 3 |  4- 6 |  7- 9 | 10-12 | 13-15 | 16-18 | 19-21 || total
-------------------------+-------+-------+-------+-------+-------+-------+-------++-------
Melee: Unarmed           |    13 |    41 |       |       |       |       |       ||    54
       Bite              |     1 |     5 |    14 |    36 |    72 |   146 |    76 ||   350
       Spear             |       |    36 |   179 |   350 |   104 |       |       ||   669
       Punch             |       |     1 |     1 |    12 |       |       |       ||    14
       Knife             |       |       |       |       |   674 |  1137 |   598 ||  2409
Throw: Dart              |       |       |       |     1 |       |       |       ||     1
       Javelin           |       |       |       |       |     1 |    87 |     4 ||    92
 Cast: Sting             |    69 |    28 |     1 |     3 |     2 |       |     2 ||   105
       Olgreb's Toxic Ra |       |    15 |    27 |    91 |   109 |   104 |    62 ||   408
       Ignite Poison     |       |     5 |    16 |    47 |    78 |   124 |    69 ||   339
       Mephitic Cloud    |       |       |     9 |    12 |    10 |    34 |    15 ||    80
       Summon Ice Beast  |       |       |       |    27 |    83 |   160 |    34 ||   304
       Frozen Ramparts   |       |       |       |    28 |    54 |    35 |    33 ||   150
       Ozocubu's Refrige |       |       |       |       |       |    28 |    33 ||    61
       Alistair's Intoxi |       |       |       |       |       |     2 |     6 ||     8
Evoke: Wand              |       |       |    11 |     2 |     5 |     1 |       ||    19
       Lightning rod     |       |       |       |       |     4 |    12 |     9 ||    25
  Use: Scroll            |       |       |     2 |     1 |    21 |    14 |     6 ||    44
       Potion            |       |       |       |       |     2 |       |     4 ||     6
 Stab: Sleeping          |       |     1 |     5 |     2 |    90 |   117 |   106 ||   321
       Distracted        |       |       |     1 |     2 |     1 |       |       ||     4
       Confused          |       |       |       |     2 |       |       |       ||     2
  Eat: Chunk             |     3 |    10 |    12 |    21 |    39 |    34 |    28 ||   147
       Ration            |       |       |     1 |     4 |     3 |     6 |     1 ||    15
Armor: Robe              |    15 |    24 |    30 |     3 |       |       |       ||    72
       Troll leather arm |       |       |       |    35 |    36 |       |       ||    71
       Ring mail         |       |       |       |       |    57 |   246 |    65 ||   368
Dodge: Dodged            |    27 |    79 |   132 |   264 |   498 |   679 |   347 ||  2026
       Repelled          |       |       |       |       |       |       |    11 ||    11
Block: Kite shield       |       |       |       |     9 |   353 |   476 |   266 ||  1104
       Reflection        |       |       |       |       |    12 |    20 |    17 ||    49
